 Dungeon Crawl Stone Soup version 0.28-b1-25-g9875b3fc8c (webtiles) character file.

Game seed: 1033604618791648986

13 murtidash the Skirmisher (level 2, -2/24 HPs)
             Began as a Formicid Abyssal Knight on Feb 2, 2022.
             Was a Follower of Lugonu.
             Slain by a kobold (3 damage)
             ... on level 1 of the Dungeon.
             The game lasted 00:00:51 (395 turns).

murtidash the Skirmisher (Formicid Abyssal Knight)   Turns: 395, Time: 00:00:51

Health: -2/24      AC:  3    Str: 17    XL:     2   Next: 50%
Magic:  3/3        EV: 11    Int:  9    God:    Lugonu [*.....]
Gold:   56         SH:  0    Dex: 11    Spells: 1/1 levels left

rFire   . . .      SeeInvis +   a - +1 hand axe
rCold   . . .      Faith    .   (no shield)
rNeg    . . .      Spirit   .   b - +0 leather armour
rPois   .          Reflect  .   (helmet unavailable)
rElec   .          Harm     .   (no cloak)
rCorr   .          Rampage  .   (no gloves)
Will    .....                   (no boots)
Stlth   +.........              (no amulet)
HPRegen 0.08/turn               (no ring)
MPRegen 0.08/turn               (no ring)

@: brilliant
A: permanent stasis, dig shafts and tunnels, antennae 3, four strong arms
a: Dig, Shaft Self, Renounce Religion, Depart the Abyss


You were on level 1 of the Dungeon.
You worshipped Lugonu.
Lugonu was aware of your devotion.
You visited 1 branch of the dungeon, and saw 1 of its levels.
You visited the Abyss 1 time.

You collected 56 gold pieces.

Inventory:

Hand Weapons
 a - a +1 hand axe (weapon)
 d - a +2 whip of freezing
   (You took it off a kobold on level 1 of the Dungeon)
Armour
 b - a +0 leather armour (worn)


   Skills:
 - Level 3.2 Fighting
 * Level 2.7 Axes
 - Level 2.1 Armour
 - Level 0.8 Dodging
 + Level 2.6 Invocations


You had one spell level left.
You didn't know any spells.
Your spell library was empty.

Dungeon Overview and Level Annotations

Branches:
Dungeon (1/15)

Altars:

Annotations:
D:1 1 runed translucent door


Innate Abilities, Weirdness & Mutations

You cannot be hasted, slowed, berserked, paralysed or teleported.
You can dig through walls and to a lower floor.
You have a pair of large antennae on your head. (SInv)
Your four strong arms can wield two-handed weapons with a shield.


Message History

There is a stone staircase leading down here.
You now have 46 gold pieces (gained 15).
There is a stone staircase leading down here.
A giant cockroach comes into view.
You see here 10 gold pieces.
The giant cockroach bites you but does no damage. x2
You hit the giant cockroach but do no damage.
The giant cockroach barely misses you.
You hit the giant cockroach but do no damage.
The giant cockroach barely misses you.
You closely miss the giant cockroach. The giant cockroach barely misses you.
The giant cockroach closely misses you.
You hit the giant cockroach.
You kill the giant cockroach!
Lugonu accepts your kill.
No target in view!
No target in view!
No target in view!
No target in view!
No target in view!
You now have 56 gold pieces (gained 10).
A kobold comes into view. It is wielding a +0 club.
The kobold shouts!
You hear a shout! x2
The kobold throws a stone.
The stone closely misses you.
A kobold is nearby!
A kobold comes into view. It is wielding a +0 dagger.
A kobold comes into view. It is wielding a +0 short sword.
The kobold hits you with a +0 club.
A hobgoblin comes into view.
You take 3 damage, and have 21/24 hp.
You miss the kobold.
The kobold shouts!
The kobold closely misses you.
A kobold comes into view. It is wielding a +0 short sword.
The hobgoblin shouts!
You hit the kobold. The kobold completely misses you.
You barely miss the kobold. The kobold hits you but does no damage.
You hit the kobold.
You kill the kobold!
Lugonu accepts your kill.
You hit the kobold. You barely miss the kobold.
The kobold throws a stone.
The stone hits you but does no damage. The kobold barely misses you.
You hit the kobold. You hit the hobgoblin.
The kobold hits you with a +0 dagger. The hobgoblin hits you.
You take 4 damage, and have 17/24 hp.
You barely miss the hobgoblin. You closely miss the kobold.
The kobold closely misses you. The hobgoblin misses you.
The kobold hits you with a +0 dagger.
You take 1 damage, and have 16/24 hp.
You are too injured to fight recklessly!
You are too injured to fight recklessly!
You are too injured to fight recklessly!
You are too injured to fight recklessly!
You are too injured to fight recklessly!
You are too injured to fight recklessly!
You are too injured to fight recklessly!
You are too injured to fight recklessly!
You are too injured to fight recklessly!
You slash the kobold!
You kill the kobold!
Lugonu accepts your kill.
You hit the hobgoblin.
You kill the hobgoblin!
Lugonu accepts your kill.
You hit the kobold but do no damage. The kobold hits you but does no damage.
You hit the kobold but do no damage. You barely miss the kobold.
You hit the kobold but do no damage. The kobold barely misses you.
The kobold hits you with a +0 short sword.
You take 4 damage, and have 13/24 hp.
You hit the kobold. You hit the kobold but do no damage. The kobold misses you.
The kobold hits you but does no damage.
The kobold hits you with a +0 short sword.
You take 3 damage, and have 10/24 hp.
You closely miss the kobold. You hit the kobold.
The kobold hits you with a +0 short sword.
* * * LOW HITPOINT WARNING * * *
The kobold barely misses you.
The kobold hits you with a +0 short sword.
* * * LOW HITPOINT WARNING * * *
You take 7 damage, and have 3/24 hp.
MASSIVE DAMAGE!!
You hit the kobold but do no damage. You hit the kobold.
The kobold barely misses you. The kobold hits you but does no damage.
It was a potion of brilliance.
You feel clever all of a sudden. The kobold misses you.
The kobold hits you with a +0 short sword.
* * * LOW HITPOINT WARNING * * *
You take 2 damage, and have 1/24 hp.
You closely miss the kobold. You barely miss the kobold.
The kobold hits you but does no damage. The kobold closely misses you.
You hit the kobold.
You kill the kobold!
Lugonu accepts your kill.
You barely miss the kobold. The kobold hits you but does no damage.
You closely miss the kobold. The kobold closely misses you.
You closely miss the kobold. The kobold closely misses you.
The kobold hits you with a +0 short sword.
You die...

#..#####..###.......#......#
#.###.###.# #†###.#...###.##
###.#...#..# #.# #.##.##
#... #..........# #.# #.##.#
#..##
#.###...#..###.###.##.# #..#
#. ##.##...#.#.##.##.# #..#
# #....#..###...##.# #..#
###....#.#K#####.# #...
#.######.#.###.@)......
#.....>..#).#####.#....
#..####....^# .. # # #..._^#
..# #..^...... .#
......#.... # ####.#...#..
....... . .######..


You could see a kobold.

Vanquished Creatures
  A bat (D:1)
  2 giant cockroaches (D:1)
  A goblin (D:1)
  A hobgoblin (D:1)
  4 kobolds (D:1)
  A quokka (D:1)
10 creatures vanquished.

Notes
Turn   | Place    | Note
-------+----------+-------------------------------------------
     0 | Abyss:1  | murtidash the Formicid Abyssal Knight began the quest for
                  | the Orb.
     0 | Abyss:1  | Reached XP level 1. HP: 18/18 MP: 2/2
    18 | D:1      | Escaped the Abyss
    20 | D:1      | Found a runed translucent door.
   223 | D:1      | Reached XP level 2. HP: 16/24 MP: 3/3
   322 | D:1      | Found a faded altar of an unknown god.
   389 | D:1      | HP: 3/24 [kobold (2)]
   391 | D:1      | HP: 1/24 [kobold (2)]
   395 | D:1      | Slain by a kobold

Illustrated notes

Levels and vault maps discovered:
D:1:      dpeg_arrival_caged_fury, layout_loops_ring,
          ebering_ecumenical_altar_webs

Action                   || total
-------------------------++-------
Melee: Hand axe          ||    36
  Use: Potion            ||     1
Armor: Leather armour    ||    15
Dodge: Dodged            ||    25

Table legend: (Time is in decaauts)
 A = Elapsed time spent in this place.
 B = Non-inter-level travel time spent in this place.
 C = Inter-level travel time spent in this place.
 D = Time resting spent in this place.
 E = Time spent auto-exploring this place.
 F = Levels seen in this place.
 G = Mean time per level.
                   A        B        C        D        E       F      G
               +--------+--------+--------+--------+--------+-----+--------+
         Total |    401 |    401 |      0 |      0 |    322 |   2 |  200.5 |
       Dungeon |    383 |    383 |      0 |      0 |    310 |   1 |  383.0 |
         Abyss |     18 |     18 |      0 |      0 |     12 |   1 |   18.0 |
               +--------+--------+--------+--------+--------+-----+--------+

Top non-repeatable levels by time:
     D:1: 383 daAuts
 Abyss:1: 18 daAuts

Table legend:
 A = Kills in this place as a percentage of kills in entire the game.
 B = Kills by you in this place as a percentage of kills by you in the entire game.
 C = Kills by friends in this place as a percentage of kills by friends in the entire game.
 D = Other kills in this place as a percentage of other kills in the entire game.
 E = Experience gained in this place as a percentage of experience gained in the entire game.
 F = Experience gained in this place divided by the number of levels of this place that you have seen.
                   A       B       C       D       E      F
               +-------+-------+-------+-------+-------+----------------------
         Total | 100.0 | 100.0 |   N/A |   N/A | 100.0 |   9.5
       Dungeon | 100.0 | 100.0 |   N/A |   N/A | 100.0 |  19.0
               +-------+-------+-------+-------+-------+----------------------
